 Dungeon Crawl Stone Soup version 0.29-a0-477-g62b78b4225 (webtiles) character file.

Game seed: 11461725452959440283

2 Bnni the Poker (level 1, -1/16 HPs)
             Began as a Demonspawn Gladiator on May 25, 2022.
             Slain by a jackal (3 damage)
             ... on level 1 of the Dungeon.
             The game lasted 00:00:16 (92 turns).

Bnni the Poker (Demonspawn Gladiator)                 Turns: 92, Time: 00:00:16

Health: -1/16      AC:  4    Str: 14    XL:     1   Next: 25%
Magic:  1/1        EV: 12    Int:  9    God:
Gold:   0          SH:  0    Dex: 14    Spells: 0/0 levels left

rFire   . . .      SeeInvis .   a - +0 trident
rCold   . . .      Faith    .   (no shield)
rNeg    . . .      Spirit   .   b - +0 leather armour
rPois   .          Reflect  .   c - +0 helmet
rElec   .          Harm     .   (no cloak)
rCorr   .          Rampage  .   (no gloves)
Will    .....                   (no boots)
Stlth   +.........              (no amulet)
HPRegen 0.05/turn               (no ring)
MPRegen 0.07/turn               (no ring)

@: no status effects
A: no striking features
a: no special abilities


You were on level 1 of the Dungeon.
You visited 1 branch of the dungeon, and saw 1 of its levels.

Inventory:

Hand Weapons
 a - a +0 trident (weapon)
Missiles
 d - 3 throwing nets (quivered)
 e - a javelin
Armour
 b - a +0 leather armour (worn)
 c - a +0 helmet (worn)
Scrolls
 f - a scroll of identify {unknown}


   Skills:
 + Level 2.0 Fighting
 * Level 2.8 Polearms
 - Level 1.7 Throwing
 - Level 2.6 Dodging


You couldn't memorise any spells.
You didn't know any spells.
Your spell library was empty.

Dungeon Overview and Level Annotations

Branches:
Dungeon (1/15)

Altars:


Message History

The endoplasm misses you.
You hit the endoplasm.
You kill the endoplasm!
No target in view!
HP restored.
A bat and a kobold come into view.
You reach to attack!
The helpless bat fails to defend itself.
You hit the bat.
You kill the bat!
The kobold shouts!
You hear a shout!
You hear an angry hiss.
You hear a bark!
You hear a shout!
A hobgoblin and 2 jackals come into view.
The hobgoblin shouts!
The jackal barks! x2
You reach to attack!
You hit the kobold but do no damage.
The jackal bites you but does no damage.
The kobold hits you with a +0 club.
You miss the kobold.
A ball python comes into view.
The kobold barely misses you. The jackal misses you.
You barely miss the kobold. The jackal misses you.
The jackal bites you but does no damage.
The kobold barely misses you.
You closely miss the kobold.
The jackal bites you but does no damage.
The jackal barely misses you. The kobold misses you.
The jackal barely misses you. The jackal bites you.
You closely miss the kobold. The jackal misses you. x2
The kobold hits you with a +0 club. The jackal bites you. x2
You are too injured to fight recklessly!
The kobold attacks as you move away! The kobold hits you with a +0 club.
The jackal closely misses you. The ball python closely misses you.
The ball python barely misses you.
The ball python attacks as you move away!
The ball python bites you. The jackal attacks as you move away!
The jackal bites you but does no damage.
The kobold attacks as you move away! The kobold hits you with a +0 club.
* * * LOW HITPOINT WARNING * * *
The jackal attacks as you move away! The jackal bites you.
You die...

##....<....## #
####...#### #. ##...##
#.. ##..⌠..## #..######
##.......##
#.......#####..⌠...⌠..##
#.....S.##.......⌠......
#.....K.##.###.......###
#...ghh@...# ####.####..
#.....####...# #......#
#..#.. #...# ######## #.
#. #...# # .. #...# #.
#.### .. ..# ####


You could see 2 jackals, a hobgoblin, a ball python and a kobold.

Vanquished Creatures
  An endoplasm (D:1)
  A bat (D:1)
2 creatures vanquished.

Notes
Turn   | Place    | Note
-------+----------+-------------------------------------------
     0 | D:1      | Bnni the Demonspawn Gladiator began the quest for the Orb.
     0 | D:1      | Reached XP level 1. HP: 16/16 MP: 1/1
    92 | D:1      | Slain by a jackal

Illustrated notes

Levels and vault maps discovered:
D:1:      dpeg_arrival_leaves_temple_mockup, layout_basic

Action                   || total
-------------------------++-------
Melee: Trident           ||    10
 Stab: Sleeping          ||     2
Armor: Leather armour    ||     4
Dodge: Dodged            ||    13

Table legend: (Time is in decaauts)
 A = Elapsed time spent in this place.
 B = Non-inter-level travel time spent in this place.
 C = Inter-level travel time spent in this place.
 D = Time resting spent in this place.
 E = Time spent auto-exploring this place.
 F = Levels seen in this place.
 G = Mean time per level.
                   A        B        C        D        E       F      G
               +--------+--------+--------+--------+--------+-----+--------+
         Total |     93 |     93 |      0 |      0 |     73 |   1 |   93.0 |
       Dungeon |     93 |     93 |      0 |      0 |     73 |   1 |   93.0 |
               +--------+--------+--------+--------+--------+-----+--------+

Top non-repeatable levels by time:
     D:1: 93 daAuts
